 Dungeon Crawl Stone Soup version 0.20-a0-9-g62d82d9 (webtiles) character file.

21479 Driskull the Executioner (level 12, -1/93 (94) HPs)
             Began as a Minotaur Berserker on Nov 1, 2016.
             Was a High Priest of Trog.
             Killed by divine providence
             ... invoked by an orc priest
              (12 damage)
             ... on level 2 of the Orcish Mines on Nov 2, 2016.
             The game lasted 01:00:27 (12272 turns).

Driskull the Executioner (Minotaur Berserker)      Turns: 12272, Time: 01:00:28

HP:   -1/93 (94)    AC: 18    Str: 25    XL:     12   Next: 54%
MP:   11/11         EV:  8    Int:  6    God:    Trog [*****.]
Gold: 964           SH:  0    Dex: 12    Spells: 0 memorised, 11 levels left

rFire  + . .     SeeInvis +     F - +8 frozen axe "Frostbite" {freezing cloud, *Noise +Fly rC+}
rCold  + + .     Gourm    .     s - +4 plate armour {rC+}
rNeg   . . .     Faith    .     (shield currently unavailable)
rPois  .         Spirit   .     (helmet restricted)
rElec  .         Reflect  .     n - +1 cloak
rCorr  .         Harm     .     (no gloves)
MR     .....                    t - +0 pair of boots
Stlth  ..........               (no amulet)
                                k - ring of protection from fire
                                e - ring of see invisible

@: confused, exhausted, starving, slowed, very slow
A: retaliatory headbutt, horns 2, blurry vision 1, clever 1, regeneration 1
a: Berserk, Trog's Hand, Brothers in Arms, Burn Spellbooks, Renounce Religion,
Evoke Flight


You were on level 2 of the Orcish Mines.
You worshipped Trog.
Trog was extremely pleased with you.
You were starving.

You visited 3 branches of the dungeon, and saw 14 of its levels.

You collected 964 gold pieces.

Inventory:

Hand Weapons
 F - the +8 frozen axe "Frostbite" (weapon) {freezing cloud, *Noise +Fly rC+}
   (You found it on level 11 of the Dungeon)

   It has been specially enchanted to freeze those struck by it, causing extra
   injury to most foes and up to half again as much damage against particularly
   susceptible opponents.
   It can also slow down cold-blooded creatures.
   It protects you from cold.
   It lets you fly.
   It may make noises in combat.
Armour
 n - a +1 cloak (worn)
 s - a +4 plate armour of cold resistance (worn)
 t - a +0 pair of boots (worn)
 y - a +2 pair of boots of stealth
 C - +0 steam dragon scales
Jewellery
 e - a ring of see invisible (left hand)
 i - a cursed -2 ring of slaying {unknown}
 j - an uncursed ring of protection from cold {unknown}
 k - a ring of protection from fire (right hand)
 E - an uncursed ring of magical power {unknown}
Wands
 o - a wand of acid (6/15)
 D - a wand of iceblast (6/15)
Scrolls
 c - a scroll of fog
 f - 2 scrolls of fear
 l - a scroll of immolation {unknown}
 m - 7 scrolls of remove curse
 r - a scroll of teleportation
 u - a scroll of amnesia
 v - a scroll of recharging
 w - a scroll of blinking
 A - a scroll of magic mapping {unknown}
Potions
 a - a potion of lignification
 b - a potion of mutation
 d - 3 potions of heal wounds {unknown}
 h - 2 potions of curing {unknown}
 x - a potion of ambrosia
 z - a potion of degeneration {unknown}
 B - a potion of brilliance
Comestibles
 p - 14 fruits


   Skills:
 - Level 5.0 Fighting
 + Level 22.0 Axes
 - Level 3.3 Armour
 - Level 3.4 Dodging


You had 11 spell levels left.
You didn't know any spells.

Dungeon Overview and Level Annotations

Branches:
Dungeon (11/15)            Temple (0/1) D:7            Lair (1/6) D:10
    Orc (2/2) D:11            Elf (0/3) Orc:2

Altars:
Ashenzari
Elyvilon
Fedhas
Gozag
Makhleb
Qazlal
Ru
Sif Muna
Trog
Xom
Yredelemnul
Zin
The Shining One

Shops:
D:6 (   D:9 =   Orc:2 (

Portals:
Ice
Cave: Orc:2

Annotations:
D:3 Grinder
D:4 Eustachio
D:5 Marmot's ghost, novice FoFi


Innate Abilities, Weirdness & Mutations

You reflexively headbutt those who attack you in melee.
You have a pair of horns on your head.
Scrolls take you a little longer to read.
Your mind is acute. (Int +2)
Your natural rate of healing is unusually fast.


Message History

You are no longer berserk.
Trog's vigour flows through your veins.
You are exhausted.
You feel yourself slow down.
The orc priest calls down the wrath of Beogh upon you.
Beogh smites you!
* * * LOW HITPOINT WARNING * * *
The orc priest calls upon Beogh to heal the orc warrior.
The orc warrior's wounds heal themselves!
Things that are here:
a club; an orc corpse The orc priest casts a cantrip, but nothing happens.
The orc warrior closely misses you.
The orc priest looks braver for a moment.
You are confused.
You feel invigorated.
The orc priest looks encouraged for a moment.
The orc priest invokes the aid of Beogh against you.
Beogh smites you!
You die...

....)......#...........#
.......................# .
.......................# ..
.......................# ...
.......................#.#.#
................)...)....o..
................)...$o......
.............)..).o.oo....o.
.............(.)@o.ooo.#.#.#
.............(......o..#
.......................#
..#....................#
..#....................#
.......................#
................###
................
#..............


You could see an orc warrior, 7 orc priests and an orc.

Vanquished Creatures
  Rupert (Orc:2)
  An ettin (Orc:1)
  Snorg (D:11)
  Erolcha (D:11)
  Harold (D:11)
  An ice dragon (D:11)
  Erica (D:8)
  Pikel (D:6)
  2 hill giants
  An orc knight (Orc:1)
  A centaur zombie (D:11)
  Psyche (D:8)
  7 rime drakes
  A kobold demonologist (D:11)
  2 trolls
  A two-headed ogre (D:9)
  Prince Ribbit (D:8)
  5 hippogriffs
  12 yaks
  2 hill giant zombies (D:11)
  A steam dragon (D:11)
  A hungry ghost (D:11)
  Menkaure (D:6)
  2 wargs (Orc:1)
  Duvessa (D:7)
  4 orc warriors
  2 black bears
  An ice beast (D:8)
  2 sky beasts
  3 phantoms
  A necrophage (D:8)
  3 centaurs
  10 ogres
  The ghost of jalala the Shooter, an amateur HEHu (D:3)
  2 big kobolds
  2 gnoll sergeants (D:11)
  6 bullfrogs
  Dowan (D:7)
  A scorpion (D:4)
  2 troll zombies (D:11)
  18 killer bees
  9 wights
  3 jellies
  A howler monkey (D:5)
  3 crimson imps
  A bullfrog zombie (D:11)
  A quasit (D:11)
  7 hounds
  6 orc priests
  2 bullfrog skeletons
  2 centaur skeletons
  6 orc wizards
  Ijyb (D:3)
  8 worker ants
  5 iguanas
  4 ogre zombies (D:11)
  A hound zombie (D:11)
  A hound skeleton (D:11)
  Robin (D:3)
  19 gnolls
  15 adders
  A howler monkey skeleton (D:11)
  2 shadow imps
  An ooze (D:2)
  2 adder zombies
  2 adder skeletons
  4 worms (D:2)
  5 dart slugs
  6 leopard geckos
  33 orcs
  A ball python (D:1)
  4 giant cockroaches
  17 goblins
  12 hobgoblins
  27 jackals
  13 kobolds
  6 quokkas
  9 bats
  4 frilled lizards
  2 goblin skeletons (D:11)
  4 goblin zombies (D:11)
  6 hobgoblin zombies (D:11)
  A jackal skeleton (D:4)
  A leopard gecko skeleton (D:5)
  A leopard gecko zombie (D:8)
  An orc skeleton (D:11)
  12 orc zombies (D:11)
  13 rats
395 creatures vanquished.

Vanquished Creatures (others)
  A gnoll (D:6)
1 creature vanquished.

Grand Total: 396 creatures vanquished

Notes
Turn   | Place    | Note
-------+----------+-------------------------------------------
     0 | D:1      | Driskull the Minotaur Berserker began the quest for the Orb.
     0 | D:1      | Reached XP level 1. HP: 19/19 MP: 0/0
    86 | D:1      | Reached skill level 4 in Axes
   122 | D:1      | Reached XP level 2. HP: 20/27 MP: 1/1
   670 | D:1      | Reached XP level 3. HP: 33/33 MP: 2/2
   706 | D:1      | Reached ** piety under Trog
  1044 | D:2      | Found a blossoming altar of Fedhas.
  1059 | D:2      | Reached XP level 4. HP: 10/41 MP: 3/3
  1077 | D:2      | HP: 2/41 [poisoned by an adder]
  1507 | D:2      | Found a stormy altar of Qazlal.
  1697 | D:2      | Found an opulent altar of Gozag.
  1837 | D:2      | Noticed a moth of wrath
  1840 | D:2      | Found a bloodstained altar of Trog.
  2153 | D:3      | Noticed Grinder
  2153 | D:3      | Noticed Robin
  2153 | D:3      | Noticed Ijyb
  2160 | D:2      | Reached XP level 5. HP: 42/47 MP: 4/4
  2363 | D:3      | Reached skill level 5 in Fighting
  2518 | D:3      | Reached skill level 5 in Axes
  2637 | D:3      | Reached *** piety under Trog
  2781 | D:3      | Noticed jalala's ghost (amateur HEHu)
  2811 | D:3      | Killed jalala's ghost
  2811 | D:3      | Reached skill level 6 in Axes
  2811 | D:3      | Reached XP level 6. HP: 37/56 MP: 5/5
  2933 | D:3      | Killed Ijyb
  3101 | D:4      | Noticed Eustachio
  3185 | D:3      | Killed Robin
  3193 | D:3      | Reached skill level 7 in Axes
  3218 | D:3      | Found a glowing silver altar of Zin.
  3650 | D:4      | Reached skill level 8 in Axes
  3650 | D:4      | Reached XP level 7. HP: 61/61 MP: 6/6
  3888 | D:4      | Reached **** piety under Trog
  3980 | D:5      | Entered Level 5 of the Dungeon
  4014 | D:5      | Reached skill level 9 in Axes
  4036 | D:5      | Noticed Marmot's ghost (novice FoFi)
  4214 | D:4      | Found a deep blue altar of Sif Muna.
  4451 | D:5      | Reached skill level 10 in Axes
  4461 | D:5      | Found an opulent altar of Gozag.
  4492 | D:5      | Reached XP level 8. HP: 68/68 MP: 7/7
  4683 | D:5      | Found a burning altar of Makhleb.
  4685 | D:5      | Noticed an Executioner
  4690 | D:5      | Noticed a smoke demon
  4690 | D:5      | Noticed a smoke demon
  4767 | D:5      | Reached skill level 11 in Axes
  5266 | D:6      | Noticed Menkaure
  5278 | D:6      | Killed Menkaure
  5278 | D:6      | Reached skill level 12 in Axes
  5749 | D:6      | Noticed Pikel
  5759 | D:6      | Killed Pikel
  5759 | D:6      | Reached skill level 13 in Axes
  5759 | D:6      | Reached XP level 9. HP: 74/74 MP: 8/8
  5797 | D:6      | Reached ***** piety under Trog
  5854 | D:6      | Found Ytiwyu Tuse's Antique Weapon Boutique.
  5998 | D:7      | Found a white marble altar of Elyvilon.
  6079 | D:7      | Found a staircase to the Ecumenical Temple.
  6266 | D:7      | Found a sacrificial altar of Ru.
  6392 | D:7      | Noticed Dowan
  6393 | D:7      | Noticed Duvessa
  6400 | D:7      | Killed Duvessa
  6407 | D:7      | Killed Dowan
  6407 | D:7      | Reached skill level 14 in Axes
  6664 | D:8      | Found a basalt altar of Yredelemnul.
  6803 | D:8      | Reached skill level 15 in Axes
  6842 | D:8      | Noticed Erica
  6843 | D:8      | Gained mutation: Scrolls take you a little longer to read. [potion of mutation]
  6843 | D:8      | Gained mutation: Your natural rate of healing is unusually fast. [potion of mutation]
  6843 | D:8      | Gained mutation: Your mind is acute. (Int +2) [potion of mutation]
  6852 | D:8      | Killed Erica
  6852 | D:8      | Reached XP level 10. HP: 80/80 MP: 9/9
  7007 | D:8      | Noticed Psyche
  7018 | D:8      | Reached skill level 16 in Axes
  7022 | D:8      | Killed Psyche
  7107 | D:8      | Noticed Prince Ribbit
  7116 | D:8      | Killed Prince Ribbit
  7524 | D:8      | Found a glowing golden altar of the Shining One.
  7782 | D:9      | Found a shattered altar of Ashenzari.
  8092 | D:9      | Reached skill level 17 in Axes
  8135 | D:9      | Found Lymawkam's Jewellery Boutique.
  8400 | D:9      | Received a gift from Trog
  8871 | D:10     | Entered Level 10 of the Dungeon
  9111 | D:10     | Received a gift from Trog
  9155 | D:10     | Found a staircase to the Lair.
  9244 | D:10     | Noticed a hill giant
  9254 | D:10     | Killed a hill giant
  9254 | D:10     | Reached skill level 18 in Axes
  9303 | D:10     | Reached XP level 11. HP: 51/85 MP: 10/10
  9690 | Lair:1   | Entered Level 1 of the Lair of Beasts
  9690 | Lair:1   | Noticed a five-headed hydra
  9757 | D:11     | Noticed Snorg
  9761 | D:11     | Noticed Harold
  9771 | D:11     | Killed Snorg
  9775 | D:11     | Killed Harold
  9851 | D:11     | Reached skill level 19 in Axes
  9997 | D:11     | Noticed an ice dragon
 10184 | D:11     | Killed an ice dragon
 10358 | D:11     | Found a staircase to the Orcish Mines.
 10367 | D:11     | Reached skill level 20 in Axes
 10391 | D:11     | Received a gift from Trog
 10678 | D:11     | Noticed Erolcha
 10696 | D:11     | Killed Erolcha
 10700 | D:11     | Found a shimmering altar of Xom.
 10948 | D:11     | Reached XP level 12. HP: 85/93 MP: 11/11
 11432 | Orc:1    | Entered Level 1 of the Orcish Mines
 11432 | Orc:1    | Noticed an ettin
 11450 | Orc:1    | Killed an ettin
 11450 | Orc:1    | Reached skill level 21 in Axes
 11869 | Orc:2    | Entered Level 2 of the Orcish Mines
 11869 | Orc:2    | Found a staircase to the Elven Halls.
 11869 | Orc:2    | Noticed Rupert
 11870 | Orc:2    | Paralysed by Rupert for 7 turns
 11880 | Orc:2    | Killed Rupert
 11942 | Orc:2    | Found Aquimibo's Antique Weapon Boutique.
 12051 | Orc:2    | Found a frozen archway.
 12255 | Orc:2    | Reached skill level 22 in Axes
 12270 | Orc:2    | HP: 1/93 [orc priest/divine providence (11)]
 12272 | Orc:2    | Killed from afar by an orc priest

Vault maps used:
D:1:      dpeg_arrival_simpleton_b
D:2:      tgw_trog, lemuel_doored_altar, overflow_temple_1_default, first_bread,
          columned_hall_lemuel, minivault_27, grunt_gozag_statues
D:3:      lemuel_crystal_altar, minmay_misc_feat_columns, uniq_grinder,
          uniq_robin, uniq_iyjb
D:4:      lemuel_blue_sif_altar, portal_sewer_entry_b, uniq_eustachio
D:5:      xom_redecorated, basic_altar, makhleb_altar_promises_db
D:6:      serial_shops, shop, uniq_menkaure, uniq_pikel
D:7:      hangedman_ru_absence, elyvilon_altar_4, uniq_duvessa
D:8:      marbit_many_paths, yredelemnul_altar_generic, blue_anna_alchemist,
          uniq_psyche, uniq_prince_ribbit1, uniq_erica
D:9:      ashenzari_conservatory_becter, serial_shops, nicolae_shop_crystal
D:10:     lair_0_dummy
D:11:     minmay_coctagon, zombieorc2_lemuel, basic_altar, minmay_misc_feat_x,
          uniq_erolcha, uniq_harold, uniq_snorg
Lair:1:   special_room, nicolae_volcano_entry_vermiform, minivault_24
Orc:1:    abandoned_shop
Orc:2:    st_orc_pillars, serial_shops, nicolae_shop_overgrown_old_shop,
          portal_ice_cave_rime, uniq_rupert

Skill      XL: |  1  2  3  4  5  6  7  8  9 10 11 12 |
---------------+-------------------------------------+-----
Axes           | 4 6 8 10 13 15 18 20 22 | 22.0
Fighting       | 4 5 |  5.0
Armour         | 3 |  3.3
Dodging        | 3 |  3.4

Action                   |  1- 3 |  4- 6 |  7- 9 | 10-12 || total
-------------------------+-------+-------+-------+-------++-------
Melee: Hand axe          |    91 |    83 |       |       ||   174
       Headbutt          |    10 |    29 |    41 |   101 ||   181
       War axe           |       |    82 |   209 |   319 ||   610
       Executioner's axe |       |       |       |   199 ||   199
Invok: Berserk           |     1 |     1 |     4 |    11 ||    17
       Burn Spellbooks   |       |       |       |     1 ||     1
       Trog's Hand       |       |       |       |     1 ||     1
       Brothers in Arms  |       |       |       |     1 ||     1
  Use: Scroll            |     1 |     5 |    11 |     3 ||    20
       Potion            |       |     2 |     5 |     2 ||     9
  Eat: Meat ration       |       |     1 |     2 |     1 ||     4
       Bread ration      |       |     2 |       |     1 ||     3
       Beef jerky        |       |       |     1 |       ||     1
       Fruit             |       |       |       |    17 ||    17
       Pizza             |       |       |       |     1 ||     1
       Royal jelly       |       |       |       |     1 ||     1
Armor: Animal skin       |    27 |     6 |       |       ||    33
       Leather armour    |       |     4 |       |       ||     4
       Ring mail         |       |    30 |    18 |       ||    48
       Plate armour      |       |       |   108 |   330 ||   438
Dodge: Dodged            |    71 |   114 |    81 |   183 ||   449
Block: Buckler           |       |    18 |    24 |    30 ||    72
